 Dungeon Crawl Stone Soup version 0.31-a0-370-g25055926c8 (webtiles) character file.

Game seed: 9080369264980632228

123 Nedwor the Cutter (level 4, 0/34 HPs)
             Began as a Demonspawn Gladiator on July 29, 2023.
             Frozen to death by an endoplasm (3 damage)
             ... on level 2 of the Dungeon.
             The game lasted 00:02:58 (1706 turns).

Nedwor the Cutter (Demonspawn Gladiator)            Turns: 1706, Time: 00:02:58

Health: 0/34       AC:  6    Str: 16    XL:     4   Next: 79%
Magic:  4/4        EV: 13    Int: 10    God:
Gold:   95         SH:  0    Dex: 14    Spells: 3/3 levels left

rFire   . . .        a - +0 rapier (heavy)
rCold   . . .        (no shield)
rNeg    . . .        b - +0 leather armour
rPois   .            c - +0 helmet
rElec   .            (no cloak)
rCorr   .            g - +1 pair of gloves
SInv    .            (no boots)
Will    .....        (no amulet)
Stlth   +            (no ring)
HPRegen 0.25/turn    (no ring)
MPRegen 0.18/turn

%: no passive effects
@: no status effects
A: powered by pain 1, magic regeneration, sturdy frame 1
a: no special abilities


You were on level 2 of the Dungeon.
You visited 1 branch of the dungeon, and saw 3 of its levels.

You collected 95 gold pieces.

Inventory:

Hand Weapons
 a - a +0 heavy rapier (weapon)
Missiles
 d - 3 throwing nets (quivered)
 e - a javelin
Armour
 b - a +0 leather armour (worn)
 c - a +0 helmet (worn)
 g - a +1 pair of gloves (worn)
Wands
 n - a wand of paralysis (9)
Scrolls
 h - 2 scrolls of fog
 i - 3 scrolls of identify {unknown}
 j - a scroll of amnesia {unknown}
 k - a scroll of noise {unknown}
 p - a scroll of revelation {unknown}
 q - a scroll of teleportation {unknown}
Potions
 f - a potion of resistance {unknown}
 l - a potion of degeneration {unknown}
 m - a potion of curing {unknown}
 o - a potion of invisibility {unknown}


   Skills:
 + Level 2.8 Fighting
 * Level 3.8 Short Blades
 - Level 1.7 Throwing
 + Level 1.5 Armour
 + Level 3.2 Dodging


You had 3 spell levels left.
You didn't know any spells.
Your spell library contained the following spells:

 Spells                   Type           Power      Damage    Failure   Level
 Ensorcelled Hibernation  Hex/Ice        0%         N/A       52%         2
 Passwall                 Tmut/Erth      0%         N/A       52%         2
 Sublimation of Blood     Necr           0%         N/A       52%         2
 Wereblood                Tmut           0%         N/A       52%         2
 Swiftness                Air            0%         N/A       75%         3
 Summon Hydra             Summ           0%         N/A       100%        7


Dungeon Overview and Level Annotations

Branches:
Dungeon (3/15)

Altars:
Ashenzari
Hepliaklqana

Shops:
D:1 !


Innate Abilities, Weirdness & Mutations

You sometimes gain a little power by taking damage.
You regenerate magic rapidly.
Your movements are slightly less encumbered by armour. (ER -2)


Message History

Natasha is lightly wounded.
The cerulean imp misses you.
The kobold hits you with a +0 short sword.
Natasha claws you but does no damage. The cerulean imp closely misses you.
The kobold completely misses you.
You puncture Natasha!
Natasha is severely wounded.
Natasha wildly gestures.
You feel troubled. Natasha claws you.
The cerulean imp hits you from afar with a +2 spear.
The kobold hits you but does no damage. Natasha claws you.
The kobold attacks as you move away! The kobold hits you but does no damage.
Natasha attacks as you move away! Natasha misses you.
The cerulean imp barely misses you.
The kobold throws a stone.
The stone barely misses you.
Natasha howls an incantation.
You feel troubled.
The cerulean imp hits you from afar with a +2 spear.
Natasha attacks as you move away! Natasha claws you.
Natasha zaps a wand.
The puff of flame hits you.
* * * LOW HITPOINT WARNING * * *
The cerulean imp closely misses you.
As you read the scroll of fog, it dissolves into smoke.
Natasha zaps a wand.
The puff of flame hits you!
* * * LOW HITPOINT WARNING * * *
Natasha attacks as you move away! Natasha barely misses you.
You barely miss Natasha.
Natasha is heavily wounded.
The cerulean imp disappears in a puff of smoke!
Natasha barely misses you.
You puncture Natasha!
You kill Natasha!
You feel Natasha's spirit has finally been put to rest.
You hit the kobold.
You kill the kobold!
You hit the endoplasm but do no damage. The endoplasm freezes you.
You are frozen.
You die...

## #...........# .#
...!!.......# . .###
..........#.# ...#
#...)......# ...#
#.§.....# ...# #.#
#§§.J.>.# ...# #.#
#§####### ...# ####.#
#J# ...# #....#####@#
.### #.......§§§#
.######.......§§§#
......#..........####
......#.............#
........#.........[.#
......###...........#
......# #.###.....[.#
......# #.# #.......#


You could see an endoplasm.

Vanquished Creatures
  Natasha (thrice) (D:2)
  An adder (D:2)
  5 endoplasms
  3 giant cockroaches
  3 goblins
  4 hobgoblins
  4 jackals (D:1)
  A quokka (D:1)
  5 ball pythons
  3 bats
  A kobold (D:2)
  4 rats
37 creatures vanquished.

Notes
Turn   | Place    | Note
-------+----------+-------------------------------------------
     0 | D:1      | Nedwor the Demonspawn Gladiator began the quest for the
                  | Orb.
     0 | D:1      | Reached XP level 1. HP: 16/16 MP: 1/1
    39 | D:1      | Gained mutation: You regenerate magic rapidly. [demonic
                  | ancestry]
    39 | D:1      | Reached XP level 2. HP: 5/22 MP: 2/2
   176 | D:1      | Found Tageloro's Distillery.
  1016 | D:2      | Gained mutation: You sometimes gain a little power by
                  | taking damage. [demonic ancestry]
  1016 | D:2      | Reached XP level 3. HP: 28/28 MP: 3/3
  1031 | D:2      | Noticed Natasha
  1041 | D:2      | Killed Natasha
  1042 | D:2      | Reached skill level 1 in Armour
  1118 | D:2      | You fall into a shaft and drop 1 floor!
  1199 | D:3      | Found a broken altar of Ashenzari.
  1232 | D:3      | Found a hazy altar of Hepliaklqana.
  1326 | D:2      | Gained mutation: Your movements are slightly less
                  | encumbered by armour. (ER -2) [demonic ancestry]
  1326 | D:2      | Reached XP level 4. HP: 5/34 MP: 4/4
  1601 | D:2      | Noticed Natasha
  1611 | D:2      | Killed Natasha
  1679 | D:2      | Identified the +6 leather armour of Zuunuesa {rPois Int+3}
  1688 | D:2      | Noticed Natasha
  1704 | D:2      | Killed Natasha
  1706 | D:2      | Frozen to death by an endoplasm

Illustrated notes

Levels and vault maps discovered:
D:1:      scummos_arrival_hexagon, layout_basic, serial_shops,
          nicolae_shop_stone, ebering_dispersal_statue_hall, serial_bayou_pond_d
D:2:      layout_basic, uniq_robin, uniq_natasha
D:3:      layout_loops_ring, marbit_many_paths, mainiacjoe_overflow_alcove_3,
          shapermc_ecumenical_altar_notcrosses

Skill      XL: |  1  2  3 |
---------------+----------+-----
Short Blades   | 3 |  3.8
Armour         | 1 |  1.5
Dodging        | 3 |  3.2
Fighting       | |  2.8
Throwing       | |  1.7

Action                     |  1- 3 |  4- 6 || total
---------------------------+-------+-------++-------
  Melee: Rapier            |   103 |    21 ||   124
         Punch             |     2 |       ||     2
    Use: Scroll            |     2 |     1 ||     3
 Armour: Leather armour    |    52 |    12 ||    64
  Dodge: Dodged            |    97 |    23 ||   120

Table legend: (Time is in decaauts)
 A = Elapsed time spent in this place.
 B = Non-inter-level travel time spent in this place.
 C = Inter-level travel time spent in this place.
 D = Time resting spent in this place.
 E = Time spent auto-exploring this place.
 F = Levels seen in this place.
 G = Mean time per level.
                   A        B        C        D        E       F      G
               +--------+--------+--------+--------+--------+-----+--------+
         Total |   1747 |   1654 |     93 |    360 |    962 |   3 |  582.3 |
       Dungeon |   1747 |   1654 |     93 |    360 |    962 |   3 |  582.3 |
               +--------+--------+--------+--------+--------+-----+--------+

Top non-repeatable levels by time:
     D:1: 870 daAuts
     D:2: 718 daAuts
     D:3: 158 daAuts
